 Dungeon Crawl Stone Soup version 0.24-a0-203-gf0bc1e9 (webtiles) character file.

Game seed: 18209288322068873468

213 Borgoz the Ducker (level 5, -8/39 HPs)
             Began as a Demonspawn Gladiator on Mar 27, 2019.
             Mangled by Sigmund
             ... wielding a +0 scythe
              (10 damage)
             ... on level 3 of the Dungeon.
             The game lasted 00:05:24 (2801 turns).

Borgoz the Ducker (Demonspawn Gladiator)            Turns: 2801, Time: 00:05:25

Health: -8/39      AC:  4    Str: 15    XL:     5   Next: 59%
Magic:  5/5        EV: 16    Int:  9    God:
Gold:   81         SH:  0    Dex: 20    Spells: 4/4 levels left

rFire    . . .     SeeInvis .   s - +2 dagger (flame)
rCold    . . .     Gourm    .   (no shield)
rNeg     . . .     Faith    .   b - +0 leather armour
rPois    .         Spirit   .   c - +0 helmet
rElec    .         Reflect  .   (no cloak)
rCorr    .         Harm     .   (no gloves)
MR       .....                  (no boots)
Stlth    ++........             v - amulet of regeneration
HPRegen  0.53/turn              l - +5 ring of dexterity
MPRegen  0.09/turn              t - +2 ring of evasion

@: starving
A: sturdy frame 2
a: no special abilities


You were on level 3 of the Dungeon.
You were starving.

You visited 1 branch of the dungeon, and saw 3 of its levels.

You collected 81 gold pieces.

Inventory:

Hand Weapons
 a - a +0 rapier
 q - a +0 blowgun
 s - a +2 dagger of flaming (weapon)
Missiles
 d - 3 throwing nets (quivered)
 r - 50 poisoned needles
Armour
 b - a +0 leather armour (worn)
 c - a +0 helmet (worn)
Jewellery
 i - an uncursed amulet of faith
 l - a +5 ring of dexterity (left hand)
 p - an uncursed ring of magical power
 t - a +2 ring of evasion (right hand)
 v - an amulet of regeneration (around neck)
Wands
 w - a wand of flame (14)
Scrolls
 e - 2 scrolls of noise {unknown}
 j - a scroll of fear {unknown}
 k - 3 scrolls of identify {unknown}
 m - a scroll of random uselessness {unknown}
 o - a scroll of teleportation {unknown}
Comestibles
 f - 3 rations


   Skills:
 + Level 2.7 Fighting
 * Level 3.6 Short Blades
 + Level 2.4 Throwing
 * Level 2.0 Armour
 * Level 3.6 Dodging
 + Level 1.3 Stealth


You had 4 spell levels left.
You didn't know any spells.
Your spell library was empty.

Dungeon Overview and Level Annotations

Branches:
Dungeon (3/15)

Altars:
Xom

Annotations:
D:3 Sigmund


Innate Abilities, Weirdness & Mutations

Your movements are less encumbered by armour. (ER -4)


Message History

* * * LOW HITPOINT WARNING * * *
You hit something but do no damage.
You are starving!
You closely miss something. Something barely misses you.
Evoke which item? (* to show all) (? for menu, Esc to quit)
Okay, then.
You hit something. You burn something. You miss something.
Something barely misses you.
You miss something. You miss something. Something hits you!
* * * LOW HITPOINT WARNING * * *
You hit something. You burn something.
You hear some strange, mumbled words.
A magic dart appears from out of thin air!
The magic dart hits you.
* * * LOW HITPOINT WARNING * * *
You hit something but do no damage.
A kobold comes into view. It is wielding a +0 short sword.
You miss something. Something hits you!
You die...

##..>.............# ..
#####..........# #
#.......... #
#########K.....!.# ..
.....)...........## ...
########..........##...
#...............
#.......%{.##..
#........@.#
#..........#
##........## ##......##
########


You could see a kobold (wandering).

Vanquished Creatures
  An orc priest (D:3)
  Jessica (D:2)
  Natasha (D:3)
  An orc wizard (D:2)
  A worker ant (D:2)
  3 adders (D:2)
  An ooze (D:1)
  A leopard gecko (D:3)
  3 orcs
  A ball python (D:2)
  3 bats
  4 goblins
  7 hobgoblins (D:1)
  4 jackals (D:2)
  9 kobolds
  2 quokkas
  3 frilled lizards
  9 rats
55 creatures vanquished.

Notes
Turn   | Place    | Note
-------+----------+-------------------------------------------
     0 | D:1      | Borgoz the Demonspawn Gladiator began the quest for the
                  | Orb.
     0 | D:1      | Reached XP level 1. HP: 16/16 MP: 1/1
   340 | D:1      | Gained mutation: Your movements are slightly less
                  | encumbered by armour. (ER -2) [demonic ancestry]
   340 | D:1      | Reached XP level 2. HP: 19/22 MP: 2/2
   845 | D:1      | Reached skill level 1 in Armour
   965 | D:2      | Found a faded altar of an unknown god.
   977 | D:2      | Reached XP level 3. HP: 13/27 MP: 3/3
  1461 | D:2      | Found a shimmering altar of Xom.
  1462 | D:2      | Found a shimmering altar of Xom.
  1516 | D:2      | Reached XP level 4. HP: 34/34 MP: 4/4
  1554 | D:2      | Found a shimmering altar of Xom.
  1556 | D:2      | Found a shimmering altar of Xom.
  1976 | D:3      | Noticed Jessica
  1995 | D:2      | Killed Jessica
  1995 | D:2      | Reached skill level 1 in Stealth
  2150 | D:2      | Gained mutation: Your movements are less encumbered by
                  | armour. (ER -4) [demonic ancestry]
  2150 | D:2      | Reached XP level 5. HP: 17/39 MP: 5/5
  2752 | D:3      | Noticed Natasha
  2754 | D:3      | Noticed Sigmund
  2762 | D:3      | Killed Natasha
  2799 | D:3      | HP: 1/39 [something/magic dart (3)]
  2801 | D:3      | Mangled by Sigmund

Levels and vault maps discovered:
D:1:      minmay_arrival_up_and_down, layout_loops_ring, grunt_decor_fettered
D:2:      layout_loops_ring, xom_redecorated, chequers_ecumenical_altar_simple
D:3:      layout_rooms, uniq_natasha, uniq_jessica, uniq_sigmund,
          uniq_crazy_yiuf_cottage

Skill      XL: |  1  2  3  4  5 |
---------------+----------------+-----
Short Blades   | 3 |  3.6
Armour         | 1 2 |  2.0
Throwing       | 2 |  2.4
Dodging        | 3 |  3.6
Stealth        | 1 |  1.3
Fighting       | |  2.7

Action                   |  1- 3 |  4- 6 || total
-------------------------+-------+-------++-------
Melee: Rapier            |   107 |    46 ||   153
       Dagger            |       |    55 ||    55
  Use: Potion            |       |     5 ||     5
 Stab: Sleeping          |     2 |     2 ||     4
  Eat: Chunk             |     2 |     2 ||     4
Armor: Leather armour    |    24 |    21 ||    45
Dodge: Dodged            |    69 |    82 ||   151

Table legend:
 A = Non-vault XP
 B = Vault XP
 C = Vault XP percentage of total XP
 D = Non-vault monster count
 E = Vault monster count
 F = Vault count percentage of total count
                 A         B        C        D         E       F
            +---------+---------+-------+---------+---------+-------
      Total |     232 |      73 |  23.9 |      53 |       2 |   3.6
            +---------+---------+-------+---------+---------+-------
        D:1 |      37 |       0 |   0.0 |      21 |       0 |   0.0
        D:2 |     136 |      37 |  21.4 |      22 |       1 |   4.3
        D:3 |      59 |      36 |  37.9 |      10 |       1 |   9.1
            +---------+---------+-------+---------+---------+-------
